 Dungeon Crawl Stone Soup version 0.29.1-1-gd02db6906a (webtiles) character file.

Game seed: 12288913450483278225

3533 Ashen the Chiller (level 9, 71/71 HPs)
             Began as a Demonspawn Ice Elementalist on Sept 20, 2022.
             Got out of the dungeon alive.
             The game lasted 00:19:51 (8001 turns).

Ashen the Chiller (Demonspawn Ice Elementalist)     Turns: 8001, Time: 00:19:52

Health: 71/71      AC: 11    Str:  9    XL:     9   Next: 82%
Magic:  18/18      EV: 14    Int: 27    God:
Gold:   568        SH:  0    Dex: 14    Spells: 13/20 levels left

rFire   . . .      SeeInvis .   c - +0 long sword
rCold   x . .      Faith    .   (no shield)
rNeg    . . .      Spirit   .   a - +0 robe
rPois   .          Reflect  .   (helmet restricted)
rElec   .          Harm     .   p - +2 cloak "Foidwio" {rC- Int+7 Dex-2 Slay+2}
rCorr   .          Rampage  .   l - +1 pair of gloves
Will    .....                   (no boots)
Stlth   ++++......              (no amulet)
HPRegen 0.21/turn               q - +4 ring of protection
MPRegen 0.16/turn               (no ring)

@: no status effects
A: antennae 2, thin skeletal structure 1, demonic guardian 3, ignite blood 1
a: no special abilities


You escaped.
You visited 2 branches of the dungeon, and saw 9 of its levels.
You also visited: Ossuary.

You collected 568 gold pieces.

Inventory:

Hand Weapons
 c - a +0 long sword (weapon)
 y - a +1 short sword of venom
 C - a +2 whip of electrocution
Armour
 a - a +0 robe (worn)
 l - a +1 pair of gloves (worn)
 p - the +2 cloak "Foidwio" (worn) {rC- Int+7 Dex-2 Slay+2}
   (You found it on level 4 of the Dungeon)

   Int:       It affects your intelligence (+7).
   Dex:       It affects your dexterity (-2).
   Slay:      It affects your accuracy & damage with ranged weapons and melee
   (+2).
   rC:        It makes you vulnerable to cold.
Jewellery
 q - a +4 ring of protection (left hand)
Wands
 j - a wand of light (5)
 s - a wand of mindburst (33)
 v - a wand of digging (4)
Scrolls
 d - 5 scrolls of identify
 g - a scroll of enchant armour
 h - a scroll of noise {unknown}
 i - 7 scrolls of teleportation
 m - a scroll of fog {unknown}
 o - a scroll of fear
 r - a scroll of vulnerability {unknown}
 z - a scroll of immolation {unknown}
 D - a scroll of blinking {unknown}
Potions
 b - a potion of magic
 e - 3 potions of brilliance
 f - 3 potions of curing
 k - a potion of attraction
 n - a potion of haste
 t - 5 potions of mutation {unknown}
 u - 2 potions of lignification {unknown}
 w - a potion of berserk rage {unknown}
 x - a potion of might {unknown}
 A - a potion of resistance {unknown}
 B - a potion of heal wounds {unknown}


   Skills:
 + Level 6.5 Fighting
 + Level 6.2 Dodging
 - Level 5.0 Stealth
 + Level 6.3 Spellcasting
 + Level 7.1 Ice Magic


You had 13 spell levels left.
You knew the following spells:

 Your Spells              Type           Power      Damage    Failure   Level
a - Freeze                Ice            100%       1d11      1%          1
b - Frozen Ramparts       Ice            94%        1d15      1%          3
c - Ozocubu's Armour      Ice            47%        N/A       1%          3

Your spell library contained the following spells:

 Spells                   Type           Power      Damage    Failure   Level
 Static Discharge         Conj/Air       8%         3-4/arc   10%         2
 Hailstorm                Conj/Ice       27%        3d7       14%         4
 Ice Form                 Ice/Tmut       27%        N/A       14%         4
 Summon Ice Beast         Ice/Summ       27%        N/A       14%         4
 Gell's Gravitas          Tloc           8%         N/A       19%         3
 Lesser Beckoning         Tloc           8%         N/A       19%         3
 Teleport Other           Tloc           8%         N/A       19%         3
 Dispel Undead            Necr           8%         3d8       52%         4
 Sticky Flame             Conj/Fire      8%         2d3       52%         4


Dungeon Overview and Level Annotations

Branches:
Dungeon (8/15)             Temple (1/1) D:6         Ossuary (visited)
   Lair: D:8-11

Altars:
Ashenzari
Cheibriados
Dithmenos
Kikubaaqudgha
Makhleb
Nemelex Xobeh
Okawaru
Qazlal
Ru
Sif Muna
Trog
Uskayaw
Xom
Yredelemnul

Shops:
D:2 [   D:6 :

Annotations:
D:3 1 runed translucent door, enotiy's ghost, amateur MiBe
D:4 Dowan; Duvessa


Innate Abilities, Weirdness & Mutations

You have a pair of antennae on your head.
You have a somewhat thin skeletal structure. (Dex +2, Stealth+)
A powerful demonic guardian rushes to your aid.
Your demonic aura sometimes causes spilled blood to erupt in flames.


Message History

Grinder resists.
The wall freezes Grinder.
Grinder barely misses you.
Unknown command.
You slash Grinder!
You kill Grinder!
The frozen ramparts melt away.
Your icy armour cracks and falls away as you move.
(D) Dungeon (T) Temple
Where to? (Enter - D:1, ? - help)
There is an open door here.
You see here a +0 dagger.
Magic restored.
There is a stone staircase leading up here.
You climb upwards.
There is a stone staircase leading down here.
A necrophage is nearby!
You barely miss the necrophage. The necrophage misses you.
You barely miss the necrophage.
The necrophage hits you but does no damage.
The necrophage barely misses you.
You completely miss the necrophage. The necrophage barely misses you.
You slash the necrophage!
The necrophage is moderately damaged.
The necrophage closely misses you. The necrophage barely misses you.
You hit the necrophage.
The necrophage is heavily damaged.
The necrophage hits you but does no damage.
You slash the necrophage!
You destroy the necrophage!
No target in view!
(D) Dungeon (T) Temple
Where to? (Enter - D:1, ? - help)
You see here a necrophage corpse.
You see here a +0 dagger of holy wrath.
There is a stone staircase leading up here.
You climb upwards.
There is a stone staircase leading down here.
You see here 2 stones.
There is a staircase leading out of the dungeon here.
Are you sure you want to leave the Dungeon?
This will make you lose the game!
You have escaped!

#.# #.........###..#
#.# #.........# #..#
#.# #..#####..# #..#
#.# #..# #..###..# #.#
#..# #.......# #.# #..#
#.......# #.# #..#
#.......# #.######..#
#...##..#
.......#..#####.@.##..#
########..............#
#..............#
#..............#
################


There were no monsters in sight!

Vanquished Creatures
  A two-headed ogre (D:8)
  A hornet (D:6)
  Grinder (D:3)
  3 yaks (D:8)
  2 water moccasins
  2 black bears (D:6)
  2 ogres
  2 centaurs (D:5)
  A phantom (D:6)
  A bullfrog (D:7)
  3 necrophages
  An elf zombie (Ossuary)
  4 scorpions
  2 gnoll boudas (D:7)
  7 hounds
  3 orc priests
  2 iguanas
  3 orc wizards (D:5)
  A hound zombie (Ossuary)
  3 mummies (Ossuary)
  9 gnolls (D:7)
  4 adders
  A white imp (D:6)
  2 ufetubi
  2 worms
  A dart slug (D:3)
  13 orcs (D:5)
  9 ball pythons
  5 endoplasms
  5 giant cockroaches
  A gnoll zombie (Ossuary)
  3 goblins (D:3)
  A hobgoblin (D:2)
  8 jackals (D:1)
  A quokka (D:3)
  3 bats
  3 frilled lizards (D:1)
  A goblin zombie (Ossuary)
  5 kobolds
  An orc zombie (Ossuary)
  3 rats
  A rat zombie (Ossuary)
127 creatures vanquished.

Vanquished Creatures (collateral kills)
  An elf zombie (Ossuary)
  A mummy (Ossuary)
  2 adder zombies (Ossuary)
  2 orcs (D:4)
  A goblin (D:2)
  2 hobgoblin zombies (Ossuary)
  An orc zombie (Ossuary)
10 creatures vanquished.

Grand Total: 137 creatures vanquished

Notes
Turn   | Place    | Note
-------+----------+-------------------------------------------
     0 | D:1      | Ashen the Demonspawn Ice Elementalist began the quest for
                  | the Orb.
     0 | D:1      | Reached XP level 1. HP: 13/13 MP: 3/3
   444 | D:1      | Gained mutation: You have a pair of small antennae on your
                  | head. [demonic ancestry]
   444 | D:1      | Reached XP level 2. HP: 12/20 MP: 5/5
  1148 | D:1      | Reached skill level 1 in Fighting
  1307 | D:1      | Gained mutation: A weak demonic guardian rushes to your
                  | aid. [demonic ancestry]
  1307 | D:1      | Reached XP level 3. HP: 26/26 MP: 6/6
  2083 | D:2      | Found Odyriyzai's Antique Armour Boutique.
  2311 | D:2      | Noticed a necrophage
  2626 | D:3      | Found a runed translucent door.
  2681 | D:3      | Noticed enotiy's ghost (amateur MiBe)
  3211 | D:4      | Learned a level 3 spell: Frozen Ramparts
  3232 | D:4      | Gained mutation: You have a pair of antennae on your head.
                  | [demonic ancestry]
  3232 | D:4      | Reached XP level 4. HP: 26/32 MP: 5/7
  3297 | D:4      | Learned a level 3 spell: Ozocubu's Armour
  3315 | D:4      | Reached skill level 4 in Ice Magic
  3331 | D:4      | Identified the +2 cloak "Foidwio" {rC- Int+7 Dex-2 Slay+2}
  3579 | D:4      | Noticed Dowan
  3587 | D:4      | Noticed Duvessa
  3589 | D:5      | Entered Level 5 of the Dungeon
  3610 | D:5      | Reached XP level 5. HP: 25/38 MP: 4/9
  3877 | D:5      | Gained mutation: You have a somewhat thin skeletal
                  | structure. (Dex +2, Stealth+) [demonic ancestry]
  3877 | D:5      | Reached XP level 6. HP: 35/45 MP: 3/10
  4335 | D:5      | Gained mutation: A demonic guardian rushes to your aid.
                  | [demonic ancestry]
  4335 | D:5      | Reached XP level 7. HP: 35/52 MP: 7/12
  4508 | D:5      | Reached skill level 5 in Ice Magic
  5018 | D:6      | Found a sand-covered staircase.
  5097 | D:6      | Gained mutation: A powerful demonic guardian rushes to your
                  | aid. [demonic ancestry]
  5097 | D:6      | Reached XP level 8. HP: 58/60 MP: 6/14
  5102 | D:6      | Found a burning altar of Makhleb.
  5139 | Ossuary  | Entered an ossuary
  5700 | D:6      | Found a staircase to the Ecumenical Temple.
  5711 | Temple   | Entered the Ecumenical Temple
  5902 | D:6      | Reached skill level 5 in Stealth
  6392 | D:6      | Reached skill level 5 in Spellcasting
  6465 | D:6      | Found Toigom's Book Boutique.
  6806 | D:6      | Found an ancient bone altar of Kikubaaqudgha.
  6865 | D:7      | Noticed a hornet
  6872 | D:6      | Killed a hornet
  6873 | D:6      | Reached skill level 5 in Fighting
  6873 | D:6      | Reached skill level 5 in Dodging
  6873 | D:6      | Reached skill level 6 in Ice Magic
  6934 | D:7      | Gained mutation: Your demonic aura sometimes causes spilled
                  | blood to erupt in flames. [demonic ancestry]
  6934 | D:7      | Reached XP level 9. HP: 64/68 MP: 9/16
  7679 | D:8      | Noticed a two-headed ogre
  7685 | D:8      | Killed a two-headed ogre
  7686 | D:8      | Reached skill level 7 in Ice Magic
  7798 | D:4      | Noticed Grinder
  7812 | D:3      | Paralysed by Grinder for 3 turns
  7851 | D:3      | Paralysed by Grinder for 3 turns
  7858 | D:3      | Paralysed by Grinder for 3 turns
  7862 | D:3      | Killed Grinder
  8001 | D:$      | Got out of the dungeon alive.

Illustrated notes

Levels and vault maps discovered:
D:1:      dpeg_arrival_boxorama, layout_loops_ring, minmay_misc_feat_nine_boxes
D:2:      layout_basic, serial_shops, nicolae_shop_waterfront,
          nicolae_concentric_dashed_squares_mild, kennysheep_generic_room_11
D:3:      layout_basic, ebering_ghost_reflecting_pool
D:4:      layout_layer_cave, minmay_misc_feat_roman, lexackson_kobold_supper,
          uniq_grinder, uniq_duvessa, uniq_menkaure
D:5:      nicolae_cairo_tiling_large, layout_basic, serial_corexii_hall,
          chequers_hall_statues_y, corexii_hall_statues_i,
          minmay_increasing_density
D:6:      layout_loops_corners, mainiacjoe_overflow_boulevard,
          mainiacjoe_overflow_paths, minmay_temple_entry_arrows,
          lightli_ossuary_entry_decrepit_ruins, serial_shops,
          nicolae_shop_advertising_works [nicolae_subvault_shop_adworks],
          item_on_display_a
D:7:      layout_rooms
D:8:      layout_loops_ring, worldfamousw_hep_ancestral_shrine, special_room
          [special_room_orc], minmay_quadrilaterals
Temple:   nicolae_temple_two_arcs

Skill      XL: |  1  2  3  4  5  6  7  8  9 |
---------------+----------------------------+-----
Stealth        | 2 3 4 5 |  5.0
Dodging        | 2 3 4 5 6 |  6.2
Fighting       | 1 2 3 5 6 |  6.5
Ice Magic      | 4 5 6 7 |  7.1
Spellcasting   | 3 4 5 6 |  6.3

Action                   |  1- 3 |  4- 6 |  7- 9 || total
-------------------------+-------+-------+-------++-------
Melee: Long sword        |    69 |    27 |   152 ||   248
       Punch             |       |     1 |     3 ||     4
       Short sword       |       |       |     7 ||     7
 Cast: Freeze            |    39 |     9 |    29 ||    77
       Frozen Ramparts   |       |     9 |    20 ||    29
       Ozocubu's Armour  |       |     2 |    18 ||    20
  Use: Scroll            |       |       |     7 ||     7
       Potion            |       |       |     1 ||     1
 Stab: Sleeping          |     9 |     3 |     6 ||    18
Armor: Robe              |    14 |    19 |   109 ||   142
Dodge: Dodged            |    80 |    34 |   165 ||   279
